 Dungeon Crawl Stone Soup version 0.18-a0-1788-g92de1ac (webtiles) character file.

3235 Murumi the Blocker (level 10, -11/79 HPs)
             Began as a Formicid Fighter on Apr 20, 2016.
             Was a Believer of Elyvilon.
             Killed from afar by Erolcha (13 damage)
             ... with a wand of acid
             ... on level 8 of the Dungeon.
             The game lasted 00:27:01 (7766 turns).

Murumi the Blocker (Formicid Fighter)               Turns: 7766, Time: 00:27:02

Health: -11/79     AC: 11    Str: 24    XL:     10   Next: 18%
Magic:  12/14      EV:  6    Int:  8    God:    Elyvilon [**....]
Gold:   202        SH: 17    Dex: 10    Spells: 0 memorised, 9 levels left

rFire  . . .     SeeInvis +     A - +1 great sword
rCold  . . .     Gourm    .     i - +0 plate armour
rNeg   . . .     Faith    .     c - +1 shield
rPois  .         Spirit   .     (helmet unavailable)
rElec  .         Dismiss  .     (no cloak)
rCorr  .         Reflect  +     (no gloves)
SustAt .         Harm     .     o - +2 pair of boots
MR     +....                    h - +5 amulet of reflection
Stlth  ..........               (no ring)
                                (no ring)

@: corroded, somewhat resistant to hostile enchantments, extremely unstealthy
A: permanent stasis, dig shafts and tunnels, four strong arms, antennae 3
a: Dig, Shaft Self, Lesser Healing, Heal Other, Divine Protection, Renounce
Religion


You were on level 8 of the Dungeon.
You worshipped Elyvilon.
Elyvilon was pleased with you.
You were not hungry.

You visited 2 branches of the dungeon, and saw 9 of its levels.

You collected 419 gold pieces.
You spent 217 gold pieces at shops.

Inventory:

Hand Weapons
 A - a +1 great sword (weapon)
Missiles
 e - 77 bolts
Armour
 c - a +1 shield (worn)
 i - a +0 plate armour (worn)
 o - a +2 pair of boots (worn)
Jewellery
 h - a +5 amulet of reflection (around neck)
Wands
 w - a wand of iceblast (10/15)
 y - a wand of lightning (3/15)
Scrolls
 a - 3 scrolls of identify
 p - a scroll of amnesia
 q - a scroll of fear
 s - a scroll of recharging
 u - a scroll of enchant armour
Potions
 b - 2 potions of resistance
 d - 3 potions of might
 g - 3 potions of curing
 j - a potion of flight
 k - a potion of heal wounds {unknown}
 n - a potion of brilliance {unknown}
 r - a potion of cure mutation {unknown}
 t - a potion of mutation {unknown}
 z - a potion of lignification
Comestibles
 f - 4 bread rations
 l - 2 slices of pizza
 m - 2 meat rations
 v - a beef jerky
 x - 15 chunks of flesh


   Skills:
 - Level 7.0 Fighting
 + Level 8.5 Long Blades
 - Level 5.0 Armour
 - Level 9.0 Shields
 - Level 6.0 Invocations


You had 9 spell levels left.
You didn't know any spells.

Dungeon Overview and Level Annotations

Branches:
Dungeon (8/15)             Temple (1/1) D:4            Lair (0/8) D:8

Altars:
Ashenzari
Cheibriados
Dithmenos
Elyvilon
Fedhas
Gozag
Kikubaaqudgha
Makhleb
Nemelex Xobeh
Okawaru
Pakellas
Qazlal
Ru
Sif Muna
Trog
Vehumet
Xom
Yredelemnul
Zin
The Shining One
Beogh

Shops:
D:6 }   D:7 *

Annotations:
D:8 Erolcha


Innate Abilities, Weirdness & Mutations

You are under a permanent stasis effect.
You can dig through walls and to a lower floor.
Your four strong arms can wield two-handed weapons with a shield.
You have a pair of large antennae on your head (SInv).


Message History

Erolcha is moderately wounded.
Erolcha zaps a wand.
The bolt of acid hits you! The acid corrodes you!
The acid burns!
It is a wand of acid.
You hit Erolcha.
Erolcha is moderately wounded.
Erolcha hits you with a giant spiked club!
Erolcha casts a spell at you. The magic dart hits you!
Erolcha screams, "Blood!"
Erolcha zaps a wand.
The bolt of acid hits you!
* * * LOW HITPOINT WARNING * * *
The acid burns!
* * * LOW HITPOINT WARNING * * *
Okay, then.
Press: ? - help, Dir - move target cursor, f - Erolcha Heal: Erolcha, wielding a giant spiked club, wearing a robe and carrying a wand of acid {zapped: 2} (moderately wounded, fast)
The light of Elyvilon fails to reach Erolcha.
You feel quite a bit more hungry.
Erolcha zaps a wand.
The bolt of acid hits you!
You die...

................
..##..........## .#
#.............####.#
####...............##
#...........##...##
#......)......#...#
######.#(.###.....##
#.##..####....###
#.###(..@O....... ..#
#####.###.##. .##
#..# .# ....# #
#.##..# #. #. #... #.
.. ###. . .# # #$


You could see Erolcha.

Vanquished Creatures
  A water moccasin (D:5)
  4 orc warriors
  2 sky beasts (D:5)
  2 ice beasts (D:7)
  2 ogres
  2 centaurs
  A giant frog (D:6)
  2 scorpions
  6 killer bees (D:6)
  2 howler monkeys
  2 centaur zombies (D:7)
  4 hounds
  A giant frog skeleton (D:7)
  7 orc priests
  2 jellies (D:5)
  11 orc wizards
  3 iguanas
  Natasha (thrice) (D:2)
  8 worker ants
  A killer bee zombie (D:5)
  A worker ant zombie (D:7)
  8 adders
  3 shadow imps
  An adder zombie (D:5)
  2 worms
  3 dart slugs
  6 giant geckos
  50 orcs
  2 ball pythons (D:2)
  6 giant cockroaches
  11 goblins
  8 hobgoblins
  11 jackals
  10 kobolds
  6 quokkas
  A ball python zombie (D:6)
  13 bats
  A giant gecko skeleton (D:4)
  5 giant newts
  A quokka skeleton (D:7)
  12 rats
227 creatures vanquished.

Vanquished Creatures (others)
  A centaur (D:5)
1 creature vanquished.

Grand Total: 228 creatures vanquished

Notes
Turn   | Place    | Note
--------------------------------------------------------------
     0 | D:1      | Murumi the Formicid Fighter began the quest for the Orb.
     0 | D:1      | Reached XP level 1. HP: 18/18 MP: 1/1
   127 | D:1      | Reached skill level 4 in Shields
   130 | D:1      | Reached XP level 2. HP: 22/24 MP: 2/2
   635 | D:2      | Reached XP level 3. HP: 29/29 MP: 3/3
   868 | D:2      | Noticed Natasha
   886 | D:2      | Killed Natasha
   886 | D:2      | Reached skill level 5 in Shields
   886 | D:2      | Reached XP level 4. HP: 35/35 MP: 4/4
   962 | D:2      | Found a stormy altar of Qazlal.
  1079 | D:2      | Noticed Natasha
  1103 | D:2      | Killed Natasha
  1136 | D:2      | Noticed Natasha
  1144 | D:2      | Killed Natasha
  1144 | D:2      | Reached XP level 5. HP: 33/41 MP: 5/5
  1518 | D:3      | Reached skill level 6 in Shields
  1518 | D:3      | Reached XP level 6. HP: 33/47 MP: 6/6
  1841 | D:3      | Reached skill level 7 in Shields
  2352 | D:3      | Reached XP level 7. HP: 44/52 MP: 7/7
  2767 | D:4      | Found a shimmering altar of Xom.
  2776 | D:4      | Found a blossoming altar of Fedhas.
  2781 | D:4      | Found a snail-covered altar of Cheibriados.
  2788 | D:4      | Found a shadowy altar of Dithmenos.
  2793 | D:4      | Found a shattered altar of Ashenzari.
  2800 | D:4      | Found a bloodstained altar of Trog.
  2807 | D:4      | Reached skill level 5 in Long Blades
  2837 | D:4      | Found a glowing silver altar of Zin.
  3010 | D:4      | Got a coiled brass ring
  3267 | D:4      | Found a staircase to the Ecumenical Temple.
  3273 | Temple   | Entered the Ecumenical Temple
  3283 | Temple   | Became a worshipper of Elyvilon the Healer
  3444 | D:4      | Reached skill level 8 in Shields
  3571 | D:4      | Reached XP level 8. HP: 58/58 MP: 8/8
  3581 | D:5      | Entered Level 5 of the Dungeon
  3717 | D:5      | Identified the ring "Kotti" {Ice rElec MR++ MP+9 Int-5} (You found it on level 4 of the Dungeon)
  3837 | D:5      | Reached skill level 9 in Shields
  3844 | D:5      | Reached skill level 1 in Invocations
  4344 | D:5      | Reached XP level 9. HP: 60/66 MP: 12/12
  4496 | D:6      | Reached * piety under Elyvilon
  4615 | D:6      | Reached skill level 5 in Invocations
  4843 | D:6      | Found Nexieq's Gadget Shoppe.
  5012 | D:6      | Reached skill level 5 in Fighting
  5816 | D:7      | Reached ** piety under Elyvilon
  6045 | D:7      | Found Rahyri's General Store.
  6053 | D:7      | Bought a potion of curing for 45 gold pieces
  6053 | D:7      | Bought a potion of lignification for 45 gold pieces
  6053 | D:7      | Bought a scroll of identify for 30 gold pieces
  6053 | D:7      | Bought a +0 great sword for 97 gold pieces
  6122 | D:7      | Found a runed door.
  6575 | D:7      | Reached XP level 10. HP: 56/79 MP: 13/13
  7158 | D:7      | Reached skill level 5 in Armour
  7489 | D:7      | Found a roughly hewn altar of Beogh.
  7655 | D:8      | Found a staircase to the Lair.
  7755 | D:8      | Noticed Erolcha
  7765 | D:8      | HP: 2/79 [acid (6)]
  7766 | D:8      | Killed from afar by Erolcha

Vault maps used:
D:1:      dpeg_arrival_tiny_h, serial_park_tiny_pond, minmay_door_square,
          corner_web_ring
D:2:      kennysheep_the_goblin_king, grunt_qazlal_clouds, uniq_natasha
D:4:      grunt_temple_overflow_octagram, minmay_temple_entry_fiery, first_bread
D:6:      serial_shops, shop
D:7:      serial_shops, shop, lightli_church_of_beogh
D:8:      due_lair_maze_entry_diamond, the_bakery,
          hangedman_abyss_or_decor_stagger, uniq_erolcha
Temple:   nicolae_temple_god_jail

Skill      XL: |  1  2  3  4  5  6  7  8  9 10 |
---------------+-------------------------------+-----
Shields        | 4 5 6 7 8 9 |  9.0
Long Blades    | 3 4 5 6 8 |  8.5
Invocations    | 4 5 6 |  6.0
Fighting       | 4 7 |  7.0
Armour         | 4 5 |  5.0

Action                   |  1- 3 |  4- 6 |  7- 9 | 10-12 || total
-------------------------+-------+-------+-------+-------++-------
Melee: Long sword        |    86 |   203 |   413 |       ||   702
       Great sword       |       |       |    39 |   141 ||   180
Invok: Lesser Healing    |       |       |     1 |       ||     1
       Heal Other        |       |       |       |     1 ||     1
 Abil: Dig               |     1 |     4 |     4 |     1 ||    10
  Use: Scroll            |     4 |     5 |     9 |       ||    18
       Potion            |       |       |     1 |       ||     1
  Eat: Chunk             |       |     6 |    15 |     4 ||    25
Armor: Scale mail        |    26 |       |       |       ||    26
       Plate armour      |    39 |    69 |   129 |    44 ||   281
Dodge: Dodged            |    19 |    24 |    61 |    22 ||   126
Block: Shield            |    52 |   133 |   346 |   128 ||   659
       Reflection        |       |     5 |     6 |     2 ||    13
